 Dungeon Crawl Stone Soup version 0.31-a0-152-g6aa68a64a1 (webtiles) character file.

Game seed: 5304818653496801467

737 qw the Skirmisher (level 7, -5/44 HPs)
             Began as a Gargoyle Hunter on June 8, 2023.
             Killed from afar by Dowan (8 damage)
             ... with a shard of ice
             ... on level 4 of the Dungeon.
             The game lasted 00:01:21 (2943 turns).

qw the Skirmisher (Gargoyle Hunter)                 Turns: 2943, Time: 00:01:22

Health: -5/44      AC: 11    Str: 14    XL:     7   Next: 74%
Magic:  7/7        EV: 12    Int: 10    God:
Gold:   76         SH:  0    Dex: 15    Spells: 6/6 levels left

rFire   + . .        Y - +0 shortbow
rCold   + . .        (shield currently unavailable)
rNeg    + . .        c - +0 leather armour
rPois   inf          b - +1 helmet
rElec   +            i - scarf {rC+ rF+}
rCorr   .            (no gloves)
SInv    .            f - +0 pair of boots
Will    .....        (no amulet)
Stlth   ++           (no ring)
HPRegen 0.27/turn    (no ring)
MPRegen 0.10/turn

%: no passive effects
@: no status effects
A: sickness immunity, AC +4, negative energy resistance 1, electricity
resistance, torment resistance 1, petrification resistance
a: no special abilities


You were on level 4 of the Dungeon.
You visited 1 branch of the dungeon, and saw 4 of its levels.

You collected 76 gold pieces.


Innate Abilities, Weirdness & Mutations

You are immune to sickness and miasma.
Your stone body is resilient. (AC +4)
You are immune to poison.
You resist negative energy. (rN+)
You are resistant to electric shocks. (rElec)
You are resistant to unholy torment.
You are immune to petrification.


   Skills:
 - Level 5.1 Fighting
 + Level 8.0 Ranged Weapons
 - Level 1.0 Armour
 - Level 2.0 Dodging
 - Level 1.1 Stealth


You had 6 spell levels left.
You didn't know any spells.
Your spell library was empty.

Inventory:

Hand Weapons
 Y - a +0 shortbow (weapon)
Armour
 b - a +1 helmet (worn)
 c - a +0 leather armour (worn)
 f - a +0 pair of boots (worn)
 i - a scarf of resistance (worn)
Scrolls
 g - a scroll of identify
Potions
 h - a potion of curing
 j - a potion of attraction {unknown}

Dungeon Overview and Level Annotations

Branches:
Dungeon (4/15)
 Temple: D:4-7

Altars:
Cheibriados

Annotations:
D:4 Dowan


Message History

Duvessa is almost dead.
Duvessa hits you with a +0 short sword. Dowan completely misses you.
The quokka bites you but does no damage.
You shoot an arrow. The arrow hits Duvessa!
You kill Duvessa!
Dowan's eyes darken. "You have made a black mistake."
Dowan seems to find hidden reserves of power!
Dowan hits you but does no damage. The quokka bites you.
Your Fighting skill increases to level 5!
You shoot an arrow. The arrow closely misses the quokka.
Dowan hits you with a +0 dagger. The quokka closely misses you.
Dowan closely misses you.
You shoot an arrow. The arrow hits the quokka.
The quokka is severely wounded.
The quokka bites you. Dowan hits you with a +0 dagger. The quokka misses you.
Dowan hits you but does no damage.
You shoot an arrow. The arrow hits the quokka.
You kill the quokka!
Dowan closely misses you.
You shoot an arrow. The arrow hits Dowan.
Dowan is lightly wounded.
Dowan misses you. The goblin hits you but does no damage.
Dowan hits you with a +0 dagger.
You shoot an arrow. The arrow hits Dowan!
Dowan is moderately wounded.
Dowan says, "Her death will not be in vain!"
Dowan barely misses you. The goblin hits you with a +0 club.
You shoot an arrow. The arrow barely misses Dowan.
Dowan gestures at you while chanting. The shard of ice hits you.
You partially resist. The goblin barely misses you.
Dowan casts a spell.
Dowan blinks!
You shoot an arrow.
The arrow hits the goblin but does no damage.
The goblin barely misses you.
You shoot an arrow. The arrow hits the goblin!
You kill the goblin!
Dowan gestures at you while chanting. The shard of ice hits you!
You partially resist.
You die...

#....# #...........
#....###....>.........
#.....................
###....###........>.....
...%....................
###.....................
#.....................
#.....................
########...e..@)......
#..............
#..............
#..............
#..............
#.............. #####
#.............. ....+ .
................
....#...#..).................


You could see Dowan (fast).

Vanquished Creatures
  Grinder (D:3)
  Duvessa (D:4)
  A phantom (D:4)
  A scorpion (D:4)
  A jelly (D:4)
  2 hounds (D:4)
  Natasha (thrice) (D:2)
  An iguana (D:4)
  2 adders (D:2)
  A river rat (D:3)
  A worm (D:2)
  A dart slug (D:3)
  4 orcs
  4 ball pythons
  2 bats (D:2)
  8 endoplasms
  A giant cockroach (D:4)
  7 goblins
  3 hobgoblins
  10 jackals
  5 kobolds
  5 quokkas
  4 frilled lizards
  8 rats
77 creatures vanquished.

Notes
Turn   | Place    | Note
-------+----------+-------------------------------------------
     0 | D:1      | qw the Gargoyle Hunter began the quest for the Orb.
     0 | D:1      | Reached XP level 1. HP: 12/12 MP: 1/1
     0 | D:1      | 0 ||| qw: Version: 0.2-a-120-gdf1a93b
     0 | D:1      | 0 ||| qw: Game counter: 3138
     0 | D:1      | 0 ||| qw: Always use a shield: true
     0 | D:1      | 0 ||| qw: God list: Okawaru
     0 | D:1      | 0 ||| qw: Allow faded altars: false
     0 | D:1      | 0 ||| qw: Do Orc after D:15 true
     0 | D:1      | 0 ||| qw: Do second Lair branch before Depths: true
     0 | D:1      | 0 ||| qw: Lair rune preference: random
     0 | D:1      | 0 ||| qw: Plans: Normal
     0 | D:1      | 0 ||| PLANNING D:1-11
   198 | D:1      | Reached XP level 2. HP: 17/17 MP: 2/2
   652 | D:1      | 652 ||| READING scroll labelled TUNULE JETZEDD.
   653 | D:1      | 653 ||| READING scroll labelled COMIDE YFRABIS.
   654 | D:1      | 654 ||| READING scroll labelled UBEPEOTTIL.
   659 | D:1      | 659 ||| READING scroll labelled XICUR ESOEBOAXT.
   660 | D:1      | 660 ||| DROPPING scroll of butterflies.
   708 | D:2      | 708 ||| FLEEEEING.
   709 | D:2      | 709 ||| FLEEEEING.
   711 | D:2      | 711 ||| FLEEEEING.
   712 | D:2      | 712 ||| FLEEEEING.
   713 | D:2      | 713 ||| FLEEEEING.
   715 | D:2      | 715 ||| FLEEEEING.
   716 | D:2      | 716 ||| FLEEEEING.
   726 | D:2      | 726 ||| STAIRDANCE
   734 | D:2      | 734 ||| STAIRDANCE
   746 | D:2      | 746 ||| STAIRDANCE
   782 | D:2      | 782 ||| STAIRDANCE
   871 | D:2      | Found a snail-covered altar of Cheibriados.
   970 | D:2      | Reached XP level 3. HP: 17/21 MP: 3/3
  1002 | D:2      | Reached skill level 5 in Ranged Weapons
  1027 | D:2      | Noticed Natasha
  1036 | D:2      | Killed Natasha
  1037 | D:2      | Reached skill level 3 in Fighting
  1037 | D:2      | Reached XP level 4. HP: 23/28 MP: 4/4
  1270 | D:2      | Noticed Natasha
  1273 | D:2      | Killed Natasha
  1460 | D:2      | Noticed Natasha
  1467 | D:2      | Killed Natasha
  1468 | D:2      | Reached XP level 5. HP: 32/32 MP: 5/5
  1579 | D:2      | 1579 ||| UPGRADING to +0 helmet.
  1584 | D:2      | 1584 ||| UPGRADING to +0 pair of boots.
  1589 | D:2      | 1589 ||| READING scroll labelled ZADEOL GEDAELE.
  1630 | D:3      | 1630 ||| PLANNING SEWER
  1718 | D:3      | Reached skill level 1 in Armour
  2226 | D:3      | Noticed Grinder
  2232 | D:3      | Paralysed by Grinder for 4 turns
  2248 | D:3      | 2248 ||| FLEEEEING.
  2255 | D:3      | 2255 ||| FLEEEEING.
  2256 | D:3      | 2256 ||| FLEEEEING.
  2290 | D:3      | HP: 8/32 [Grinder (4)]
  2291 | D:3      | 2291 ||| READING scroll of teleportation.
  2293 | D:3      | Killed Grinder
  2294 | D:3      | Reached skill level 7 in Ranged Weapons
  2294 | D:3      | Reached XP level 6. HP: 5/37 MP: 6/6
  2380 | D:3      | 2380 ||| RIP SEWER
  2416 | D:3      | 2416 ||| PLANNING D:1-11
  2504 | D:3      | 2504 ||| UPGRADING to scarf of resistance.
  2509 | D:3      | 2509 ||| READING scroll labelled HIUSSI VUTTETY.
  2510 | D:3      | 2510 ||| READING 2 scrolls of identify.
  2510 | D:3      | 2510 ||| IDENTIFYING lumpy cyan potion
  2511 | D:3      | 2511 ||| DROPPING potion of invisibility.
  2685 | D:4      | Reached XP level 7. HP: 37/43 MP: 7/7
  2707 | D:4      | 2707 ||| READING scroll of enchant armour.
  2707 | D:4      | 2707 ||| ENCHANTING +0 helmet.
  2865 | D:4      | Reached skill level 8 in Ranged Weapons
  2873 | D:4      | Noticed Dowan
  2874 | D:4      | 2874 ||| FLEEEEING.
  2875 | D:4      | 2875 ||| FLEEEEING.
  2876 | D:4      | 2876 ||| FLEEEEING.
  2920 | D:4      | Noticed Duvessa
  2935 | D:4      | Killed Duvessa
  2937 | D:4      | HP: 11/44 [quokka (3)]
  2941 | D:4      | HP: 3/44 [Dowan/shard of ice (4)]
  2943 | D:4      | Killed from afar by Dowan

Levels and vault maps discovered:
D:1:      tekkud_arrival_beachfront_property, layout_basic
D:2:      layout_loops_ring, basic_altar, uniq_natasha
D:3:      layout_loops_cross, gup_sewer_entry_bowl, uniq_grinder
D:4:      layout_basic, grunt_ministairs_9, minmay_cut_off, uniq_duvessa

Skill      XL: |  1  2  3  4  5  6  7 |
---------------+----------------------+-----
Ranged Weapons | 5 7 8 |  8.0
Fighting       | 3 4 5 |  5.1
Armour         | 1 |  1.0
Dodging        | 2 |  2.0
Stealth        | |  1.1

Action                     |  1- 3 |  4- 6 |  7- 9 || total
---------------------------+-------+-------+-------++-------
   Fire: Shortbow          |    96 |   155 |    72 ||   323
    Use: Scroll            |     4 |     4 |     1 ||     9
 Armour: Leather armour    |     9 |    42 |    17 ||    68
  Dodge: Dodged            |    25 |    67 |    23 ||   115

Table legend:
 A = Non-vault XP
 B = Vault XP
 C = Vault XP percentage of total XP
 D = Non-vault monster count
 E = Vault monster count
 F = Vault count percentage of total count
                 A         B        C        D         E       F
            +---------+---------+-------+---------+---------+-------
      Total |     453 |     602 |  57.1 |      66 |      11 |  14.3
            +---------+---------+-------+---------+---------+-------
        D:1 |      18 |       0 |   0.0 |      10 |       0 |   0.0
        D:2 |     131 |      36 |  21.6 |      23 |       1 |   4.2
        D:3 |      34 |     293 |  89.6 |      17 |       4 |  19.0
        D:4 |     270 |     273 |  50.3 |      16 |       6 |  27.3
            +---------+---------+-------+---------+---------+-------
